 Dungeon Crawl Stone Soup version 0.28-a0-447-g1f95980246 (webtiles) character file.

Game seed: 1679313290670887138

658 Sabo the Chopper (level 7, -3/61 HPs)
             Began as a Minotaur Fighter on Sept 12, 2021.
             Was a Priest of Ignis.
             Killed by nerve-wracking pain
             ... invoked by an orc priest
              (10 damage)
             ... on level 6 of the Dungeon.
             The game lasted 00:18:28 (4283 turns).

Sabo the Chopper (Minotaur Fighter)                 Turns: 4283, Time: 00:18:28

Health: -3/61      AC: 11    Str: 22    XL:     7   Next: 29%
Magic:  6/6        EV:  8    Int:  5    God:    Ignis [***...]
Gold:   171        SH:  5    Dex: 16    Spells: 6/6 levels left

rFire   + + .      SeeInvis .   A - +1 war axe (vamp)
rCold   . . .      Faith    .   c - +0 buckler
rNeg    . . .      Spirit   .   r - +0 chain mail
rPois   .          Reflect  .   (helmet restricted)
rElec   .          Harm     .   (no cloak)
rCorr   .          Rampage  .   (no gloves)
Will    .....                   f - +0 pair of boots
Stlth   ..........              (no amulet)
HPRegen 0.20/turn               j - +6 ring of dexterity
MPRegen 0.10/turn               q - ring of protection from fire

@: rising, flying
A: horns 2, retaliatory headbutt
a: Renounce Religion, Sea of Fire, Foxfire Swarm, Rising Flame


You were on level 6 of the Dungeon.
You worshipped Ignis.
Ignis was most pleased with you.
You visited 1 branch of the dungeon, and saw 6 of its levels.

You collected 171 gold pieces.

Inventory:

Hand Weapons
 m - a +0 dagger of venom
 n - a +0 hunting sling
 A - a +1 vampiric war axe (weapon)
Missiles
 g - 13 poisoned darts (quivered)
 l - 34 arrows
 s - 19 bolts
 t - 26 sling bullets
Armour
 b - a +0 scale mail
 c - a +0 buckler (worn)
 f - a +0 pair of boots (worn)
 r - a +0 chain mail (worn)
Jewellery
 j - a +6 ring of dexterity (left hand)
 q - a ring of protection from fire (right hand)
Wands
 u - a wand of iceblast (9)
Scrolls
 k - a scroll of summoning {unknown}
 o - a scroll of enchant armour {unknown}
 p - 2 scrolls of teleportation {unknown}
 v - a scroll of enchant weapon {unknown}
 x - a scroll of fear {unknown}
 y - a scroll of identify {unknown}
Potions
 a - 2 potions of invisibility {unknown}
 d - a potion of might
 e - 3 potions of curing {unknown}
 h - 2 potions of brilliance {unknown}
 i - 2 potions of degeneration {unknown}
 w - a potion of resistance {unknown}
 z - a potion of flight {unknown}


   Skills:
 + Level 5.0 Fighting
 + Level 6.9 Axes
 + Level 5.7 Armour
 + Level 1.6 Dodging
 + Level 1.0 Stealth
 + Level 4.7 Shields


You had 6 spell levels left.
You didn't know any spells.
Your spell library contained the following spells:

 Spells                   Type           Power      Damage    Failure   Level
 Freeze                   Ice            0%         1d3       99%         1
 Blink                    Tloc           N/A        N/A       99%         2
 Frozen Ramparts          Ice            0%         1d2       100%        3
 Hailstorm                Conj/Ice       0%         3d3       100%        4
 Manifold Assault         Tloc           0%         N/A       100%        5
 Storm Form               Tmut/Air       0%         N/A       100%        7


Dungeon Overview and Level Annotations

Branches:
Dungeon (7/15)             Temple (0/1) D:4

Altars:
Cheibriados
Dithmenos
Kikubaaqudgha
Ignis


Innate Abilities, Weirdness & Mutations

You have a pair of horns on your head.
You reflexively headbutt those who attack you in melee.


Message History

You block the orc warrior's attack.
An orc priest comes into view. It is wielding a +0 club.
An orc wizard comes into view. It is wielding a +0 flail.
You block the orc warrior's attack.
You hit the orc warrior.
You feel better.
The orc warrior is lightly wounded.
The orc warrior hits you with a +0 trident.
You barely miss the orc warrior.
The orc warrior hits you but does no damage.
You barely miss the orc warrior.
The orc priest shouts!
You hear a shout! x2
The orc warrior misses you.
The orc warrior hits you with a +0 trident!
You closely miss the orc warrior. The orc barely misses you.
The orc warrior hits you but does no damage.
You hit the orc warrior but do no damage.
You hit the orc priest.
The orc priest mumbles some strange prayers to Beogh against you.
Pain shoots through your body! You block the orc's attack.
The orc warrior hits you with a +0 trident!
The orc priest barely misses you.
You barely miss the orc warrior. Your headbutt misses the orc warrior.
You slash the orc priest!
You feel better. The orc hits you but does no damage.
The orc warrior hits you with a +0 trident.
The orc priest hits you with a +0 club.
You begin to rise into the air.
The orc hits you but does no damage.
The orc warrior hits you with a +0 trident!
* * * LOW HITPOINT WARNING * * *
The orc priest barely misses you.
You slash the orc warrior! Your headbutt misses the orc warrior.
The orc warrior is heavily wounded.
You barely miss the orc priest. You block the orc's attack.
The orc wizard casts a spell.
The orc wizard flickers and vanishes!
Deactivating autopickup; reactivate with Ctrl-A.
The orc warrior hits you with a +0 trident!
* * * LOW HITPOINT WARNING * * *
The orc priest mumbles some strange prayers to Beogh against you.
Pain shoots through your body!
You die...

.. ##.###
...... .....
... ####.###
#......#####
#...{o@o.#.#
#....###o#.#
#....#.....#
#....#.##.##
#....#.##.#
##..o##...#
....o.o>..#
)###.........#
....)..|.....#


You could see an orc warrior, an orc priest and an orc.

Vanquished Creatures
  Grinder (D:6)
  Menkaure (D:4)
  A scorpion (D:3)
  An orc priest (D:4)
  An iron imp (D:3)
  2 orc wizards (D:4)
  Natasha (thrice) (D:3)
  5 adders
  4 dart slugs
  3 orcs
  3 bats
  7 endoplasms
  3 giant cockroaches
  6 hobgoblins
  3 jackals (D:1)
  6 quokkas
  3 ball pythons
  4 frilled lizards
  3 goblins
  5 kobolds
  6 rats
  A spectral hobgoblin (D:2)
72 creatures vanquished.

Vanquished Creatures (others)
  12 foxfires (D:2)
12 creatures vanquished.

Grand Total: 84 creatures vanquished

Notes
Turn   | Place    | Note
-------+----------+-------------------------------------------
     0 | D:1      | Sabo the Minotaur Fighter began the quest for the Orb.
     0 | D:1      | Reached XP level 1. HP: 19/19 MP: 0/0
   403 | D:1      | Reached XP level 2. HP: 27/27 MP: 1/1
   474 | D:1      | You fall into a shaft and drop 1 floor!
   605 | D:2      | Found a faded altar of an unknown god.
   620 | D:2      | Became a worshipper of Ignis, the Dying Flame
   891 | D:2      | Reached XP level 3. HP: 28/33 MP: 2/2
  1132 | D:2      | Reached skill level 1 in Dodging
  1272 | D:2      | Reached skill level 3 in Axes
  1370 | D:1      | Reached XP level 4. HP: 40/40 MP: 3/3
  2188 | D:3      | Found an ancient bone altar of Kikubaaqudgha.
  2363 | D:3      | Noticed Natasha
  2364 | D:3      | Noticed a scorpion
  2371 | D:3      | Killed Natasha
  2371 | D:3      | Killed a scorpion
  2372 | D:3      | Reached skill level 4 in Axes
  2372 | D:3      | Reached XP level 5. HP: 15/47 MP: 4/4
  2589 | D:3      | Noticed Natasha
  2682 | D:3      | Killed Natasha
  2683 | D:3      | Reached skill level 5 in Axes
  2827 | D:3      | Noticed Natasha
  2833 | D:3      | Killed Natasha
  2852 | D:3      | Found a snail-covered altar of Cheibriados.
  2987 | D:4      | Found a shadowy altar of Dithmenos.
  3118 | D:4      | Noticed Menkaure
  3126 | D:4      | Killed Menkaure
  3127 | D:4      | Reached skill level 6 in Axes
  3127 | D:4      | Reached XP level 6. HP: 18/53 MP: 5/5
  3578 | D:4      | Found a staircase to the Ecumenical Temple.
  3677 | D:4      | Reached skill level 5 in Armour
  3976 | D:4      | You fall into a shaft and drop 3 floors!
  4053 | D:6      | Noticed Grinder
  4054 | D:6      | Paralysed by Grinder for 5 turns
  4064 | D:6      | Killed Grinder
  4065 | D:6      | Reached skill level 5 in Fighting
  4065 | D:6      | Reached XP level 7. HP: 10/61 MP: 6/6
  4267 | D:6      | Reached skill level 1 in Stealth
  4283 | D:6      | Killed from afar by an orc priest

Illustrated notes

Levels and vault maps discovered:
D:1:      moated_graveyard_arrival, layout_basic
D:2:      layout_loops_ring, dreamdust_ecumenical_altar_drowned_temple
D:3:      layout_loops_cross, mainiacjoe_overflow_concentric_impassable,
          slow_altar_2, uniq_natasha
D:4:      layout_basic, grunt_dithmenos_smoke_and_mirrors,
          minmay_temple_entry_butterflies, kennysheep_generic_room_14,
          uniq_menkaure
D:6:      layout_basic, gammafunk_temple_overflow_forgotten, uniq_grinder
D:7:      layout_loops_corners

Skill      XL: |  1  2  3  4  5  6  7 |
---------------+----------------------+-----
Fighting       | 4 5 |  5.0
Armour         | 4 5 |  5.7
Shields        | 4 |  4.7
Dodging        | 1 |  1.6
Axes           | 3 4 6 |  6.9
Stealth        | 1 |  1.0

Action                   |  1- 3 |  4- 6 |  7- 9 || total
-------------------------+-------+-------+-------++-------
Melee: War axe           |    51 |    88 |     9 ||   148
       Headbutt          |    10 |    22 |       ||    32
Invok: Foxfire Swarm     |     1 |     1 |       ||     2
       Rising Flame      |       |       |     1 ||     1
Armor: Scale mail        |    22 |    14 |       ||    36
       Chain mail        |       |    21 |     5 ||    26
Dodge: Dodged            |    23 |    41 |     5 ||    69
Block: Buckler           |    17 |    24 |     4 ||    45

Table legend: (Time is in decaauts)
 A = Elapsed time spent in this place.
 B = Non-inter-level travel time spent in this place.
 C = Inter-level travel time spent in this place.
 D = Time resting spent in this place.
 E = Time spent auto-exploring this place.
 F = Levels seen in this place.
 G = Mean time per level.
                   A        B        C        D        E       F      G
               +--------+--------+--------+--------+--------+-----+--------+
         Total |   4346 |   4346 |      0 |   1103 |      0 |   6 |  724.3 |
       Dungeon |   4346 |   4346 |      0 |   1103 |      0 |   6 |  724.3 |
               +--------+--------+--------+--------+--------+-----+--------+

Top non-repeatable levels by time:
     D:1: 1063 daAuts
     D:3: 1060 daAuts
     D:4: 1011 daAuts
     D:2: 903 daAuts
     D:6: 232 daAuts
     D:7: 76 daAuts
